 Dungeon Crawl Stone Soup version 0.29-a0-72-g1732ff48e7 (webtiles) character file.

Game seed: 2980876107876738606

118900 drugrobin the Warrior (level 15, -1/147 HPs)
             Began as a Demigod Warper on Feb 4, 2022.
             Slain by a white very ugly thing (5 damage)
             ... in an ice cave.
             The game lasted 02:09:34 (34081 turns).

drugrobin the Warrior (Demigod Warper)             Turns: 34081, Time: 02:09:36

Health: -1/147     AC: 24    Str: 23    XL:     15   Next: 79%
Magic:  0/21       EV: 10    Int: 15    God:
Gold:   565        SH:  0    Dex: 20    Spells: 15/17 levels left

rFire   x . .      SeeInvis .   a - +8 glaive "Unaepic" {vorpal, rN+}
rCold   + + .      Faith    .   (shield currently unavailable)
rNeg    + . .      Spirit   +   w - +5 chain mail "Xoosashre" {Regen+ Str-5 Dex+3}
rPois   .          Reflect  .   J - +1 helmet
rElec   .          Harm     .   V - scarf {+Inv}
rCorr   .          Rampage  .   y - +0 pair of gloves
Will    +....                   A - +0 pair of boots
Stlth   ..........              t - amulet of guardian spirit
HPRegen 1.14/turn               s - ring of ice
MPRegen 0.17/turn               k - ring of protection from cold

@: about to teleport, slowed, studying Polearms, very slow
A: high MP 1, forlorn, divine attributes
a: Evoke Invisibility


You were in an ice cave.
You visited 6 branches of the dungeon, and saw 28 of its levels.
You also visited: Sewer, Ossuary, Gauntlet and Ice Cave.

You collected 2122 gold pieces.
You spent 1557 gold pieces at shops.

Inventory:

Hand Weapons
 a - the +8 glaive "Unaepic" (weapon) {vorpal, rN+}
   (You acquired it on level 2 of the Orcish Mines)

   It inflicts extra damage upon your enemies.
   rN:        It protects you from negative energy.
 b - the +5 hand crossbow of Calculation {vorpal, Will+ rCorr Int+2 Dex-4}
   (You bought it in a shop on level 2 of the Orcish Mines)

   Any ammunition fired from it inflicts extra damage upon your enemies.
   Int:       It affects your intelligence (+2).
   Dex:       It affects your dexterity (-4).
   rCorr:     It protects you from acid and corrosion.
   Will:      It increases your willpower.
 c - the +7 spear of Ecryn {holy, rElec Dex+3}
   (You found it on level 9 of the Dungeon)

   It has been blessed by the Shining One to cause great damage to the undead
   and demons.
   Dex:       It affects your dexterity (+3).
   rElec:     It insulates you from electricity.
 v - a +2 spear of venom
 I - a +4 scimitar of flaming
Missiles
 l - 30 boomerangs (quivered)
 C - 6 curare-tipped darts
 U - 173 bolts
Armour
 w - the +5 chain mail "Xoosashre" (worn) {Regen+ Str-5 Dex+3}
   (You found it on level 3 of the Dungeon)

   Str:       It affects your strength (-5).
   Dex:       It affects your dexterity (+3).
   Regen:     It increases your rate of health regeneration.
 y - a +0 pair of gloves (worn)
 A - a +0 pair of boots (worn)
 J - a +1 helmet (worn)
 V - a scarf of invisibility (worn)
Jewellery
 e - a ring of poison resistance
 k - a ring of protection from cold (right hand)
 s - a ring of ice (left hand)
 t - an amulet of guardian spirit (around neck)
 Q - a ring of protection from fire
 R - a ring of wizardry
Wands
 d - a wand of charming (3)
 j - a wand of flame (6)
 o - a wand of paralysis (6)
 r - a wand of digging (5)
 Z - a wand of iceblast (22)
Scrolls
 n - 3 scrolls of amnesia
 p - 7 scrolls of fear
 x - a scroll of brand weapon
 D - a scroll of summoning
 E - 6 scrolls of enchant weapon
 G - 8 scrolls of teleportation
 H - 3 scrolls of holy word
 K - 4 scrolls of enchant armour
 M - 3 scrolls of identify
 S - a scroll of silence
 T - 2 scrolls of magic mapping
 X - 5 scrolls of fog
Potions
 f - 3 potions of cancellation
 g - 2 potions of heal wounds
 h - 14 potions of curing
 i - 7 potions of lignification
 m - 5 potions of haste
 q - 13 potions of might
 u - a potion of attraction {unknown}
 z - 4 potions of resistance
 B - 2 potions of invisibility
 F - 2 potions of magic
 Y - 2 potions of berserk rage


   Skills:
 + Level 17.1 Fighting
 + Level 14.7 Polearms
 + Level 5.3 Crossbows
 - Level 0.8 Throwing
 + Level 15.0 Armour
 - Level 1.7 Dodging
 - Level 1.7 Spellcasting
 - Level 2.6 Translocations
 - Level 6.0 Evocations


You had 15 spell levels left.
You knew the following spells:

 Your Spells              Type           Power      Damage    Failure   Level
b - Blink                 Tloc           18%        N/A       45%         2

Your spell library contained the following spells:

 Spells                   Type           Power      Damage    Failure   Level
 Pain                     Necr           4%         1d4       69%         1
 Sting                    Tmut/Pois      4%         1d3       69%         1
 Gell's Gravitas          Tloc           9%         N/A       69%         3
 Lesser Beckoning         Tloc           9%         N/A       69%         3
 Teleport Other           Tloc           9%         N/A       69%         3
 Sublimation of Blood     Necr           1%         N/A       83%         2
 Wereblood                Tmut           1%         N/A       83%         2
 Portal Projectile        Hex/Tloc       10%        N/A       86%         3
 Call Canine Familiar     Summ           1%         N/A       96%         3
 Dazzling Flash           Conj/Hex       2%         N/A       96%         3
 Frozen Ramparts          Ice            2%         1d2       96%         3
 Ignite Poison            Fire/Tmut/Pois 1%         N/A       96%         3
 Mephitic Cloud           Conj/Pois/Air  1%         N/A       96%         3
 Stone Arrow              Conj/Erth      2%         3d7       96%         3
 Iskenderun's Mystic Bla  Conj/Tloc      5%         2d3       99%         4
 Animate Armour           Summ/Erth      2%         N/A       100%        4
 Animate Dead             Necr           0%         N/A       100%        4
 Hailstorm                Conj/Ice       1%         3d3       100%        4
 Ice Form                 Ice/Tmut       1%         N/A       100%        4
 Leda's Liquefaction      Hex/Erth       0%         N/A       100%        4
 Summon Ice Beast         Ice/Summ       1%         N/A       100%        4
 Agony                    Necr           1%         N/A       100%        5
 Borgnjor's Vile Clutch   Necr/Erth      0%         N/A       100%        5
 Excruciating Wounds      Necr           0%         N/A       100%        5
 Freezing Cloud           Conj/Ice/Air   0%         6-21      100%        5
 Manifold Assault         Tloc           9%         N/A       100%        5
 Summon Forest            Summ/Tloc      2%         N/A       100%        5
 Yara's Violent Unravell  Hex/Tmut       0%         3d3       100%        5
 Death Channel            Necr           0%         N/A       100%        6
 Dispersal                Tloc           4%         N/A       100%        6
 Simulacrum               Ice/Necr       0%         N/A       100%        6
 Starburst                Conj/Fire      0%         6d3       100%        6
 Summon Hydra             Summ           0%         N/A       100%        7
 Lehudib's Crystal Spear  Conj/Erth      0%         10d2      100%        8
 Summon Horrible Things   Summ           0%         N/A       100%        8


Dungeon Overview and Level Annotations

Branches:
Dungeon (15/15)            Temple (0/1) D:7            Lair (6/6) D:11
 Shoals (0/4) Lair:3        Snake (3/4) Lair:2        Slime (0/5) Lair:5
    Orc (2/2) D:12            Elf (1/3) Orc:2        Vaults (0/5) D:13
 Depths (1/4) D:15          Sewer (visited)         Ossuary (visited)
  IceCv (1/1)             Gauntlet (visited)

Shops:
Orc:1 =!!   Orc:2 ([*(   Elf:1 :

Portals:
Hell: Lair:6
Trove: D:14 (give +3 storm dragon scales)

Annotations:
D:2 Sigmund
D:14 Azrael
Lair:6 exclusion: oklob plant
Orc:1 Erolcha
Elf:1 4 runed translucent doors IceCv 1 transporter, exclusion: orange crystal statue


Innate Abilities, Weirdness & Mutations

You have an increased reservoir of magic. (+10% MP)
You shall have no god before yourself.
Your divine heritage dramatically boosts your attributes as you level up.


Message History

Unknown command.
You feel better. The freezing wraith hits you.
* * * LOW HITPOINT WARNING * * *
The freezing wraith freezes you. You resist.
* * * LOW HITPOINT WARNING * * *
The freezing wraith hits you.
* * * LOW HITPOINT WARNING * * *
The freezing wraith drains your vigour!
You feel as though you will be slow longer.
The white very ugly thing kicks you but does no damage.
The freezing wraith closely misses you.
The freezing wraith hits you but does no damage.
The lindwurm simulacrum barely misses you.
The lindwurm simulacrum claws you but does no damage.
The lindwurm simulacrum barely misses you.
The lindwurm simulacrum bites you but does no damage.
The lindwurm simulacrum closely misses you. x2
The freezing wraith barely misses you. The freezing wraith hits you.
* * * LOW HITPOINT WARNING * * *
The freezing wraith drains your vigour!
You feel as though you will be slow longer.
As you read the scroll of teleportation, it crumbles to dust.
You feel strangely unstable. The freezing wraith hits you!
* * * LOW HITPOINT WARNING * * *
The freezing wraith freezes you. You resist.
* * * LOW HITPOINT WARNING * * *
The freezing wraith hits you but does no damage.
The white very ugly thing kicks you but does no damage.
The lindwurm simulacrum bites you but does no damage.
The lindwurm simulacrum barely misses you.
The lindwurm simulacrum claws you but does no damage.
The freezing wraith hits you but does no damage. x2
The lindwurm simulacrum bites you but does no damage.
The lindwurm simulacrum claws you but does no damage.
The lindwurm simulacrum closely misses you.
The orange crystal statue fixes its piercing gaze on you.
Something tries to feed on your intellect!
The freezing wraith barely misses you. The freezing wraith closely misses you.
The white very ugly thing kicks you.
You die...

#..8####........##
#...8##..........##
#....8#...........#
#(....#....8.......
#?[...#8.(.........
#8}..©#©©[.....∩.∩.
#ZZ...#8.[.........
#WWu..#....8.......
#.@Z.8#...........#
#..Z8##..........##
#..8####........##
#©.## ###...####
#### #####


You could see a white very ugly thing, an orange crystal statue, 2 freezing
wraiths, an alligator simulacrum (summoned), a dire elephant simulacrum
(summoned) and 2 lindwurm simulacra.

Vanquished Creatures
  A nagaraja (Snake:2)
  A deep elf sorcerer (Elf:1)
  3 dire elephants
  A deep elf demonologist (Elf:1)
  A minotaur (Gauntlet)
  An ogre mage (D:13)
  A vault guard (D:13)
  Fannar (D:11)
  4 naga warriors
  11 hydras
  3 catoblepae
  A boulder beetle (D:12)
  A centaur warrior (D:15)
  Erica (D:11)
  4 anacondas
  8 two-headed ogres
  4 dancing weapons (Elf:1)
  10 death yaks (Lair:5)
  5 orc high priests (Orc:2)
  A tengu warrior (D:15)
  3 naga sharpshooters
  A thrashing horror (Gauntlet)
  A deep elf knight (Snake:1)
  Sonja (Orc:1)
  A hell knight (D:15)
  A shock serpent (Snake:1)
  Nergalle (D:11)
  An orb spider (shapeshifter) (D:15)
  2 sixfirhies
  2 deep elf archers
  3 naga ritualists
  2 wizards
  Pikel (D:8)
  An orc knight (Orc:1)
  5 mana vipers
  5 deep elf pyromancers
  A wolf spider (D:15)
  2 orc sorcerers
  6 deep elf zephyrmancers
  6 cyclopes
  An ugly thing (D:12)
  2 manticores
  15 elephants
  2 salamanders
  23 black mambas
  4 orange demons (Lair:6)
  13 cane toads
  6 naga magi
  A freezing wraith (D:15)
  A gargoyle (D:11)
  4 rime drakes
  10 komodo dragons
  2 efreet
  An anaconda simulacrum (IceCv)
  A tengu conjurer (Elf:1)
  A hellwing (Lair:6)
  5 trolls
  2 red devils (Lair:6)
  A hornet (D:9)
  3 meliai (D:15)
  A wind drake (shapeshifter) (D:13)
  16 blink frogs
  11 slime creatures
  3 centaur simulacra (Gauntlet)
  A snapping turtle (Lair:3)
  5 wraiths
  3 wyverns
  A dire elephant simulacrum (IceCv)
  4 shadows
  51 yaks
  3 fire elementals
  Eustachio (D:6)
  A steam dragon (D:6)
  4 basilisks
  4 vampire mosquitoes
  6 nagas
  3 wargs (D:12)
  A two-headed ogre zombie (Orc:1)
  A harpy simulacrum (IceCv)
  14 water moccasins
  5 hell hounds
  2 ice beasts
  24 orc warriors
  A black bear (D:8)
  An alligator simulacrum (IceCv)
  3 wolves
  13 centaurs
  13 ogres
  A boggart (Elf:1)
  A phantom (D:4)
  A lemure (D:7)
  10 bullfrogs
  5 kobold brigands
  3 scorpions
  A water moccasin zombie (D:7)
  A gnoll sergeant (D:7)
  A hornet simulacrum (Gauntlet)
  A lindwurm simulacrum (IceCv)
  4 wights (D:8)
  An electric eel (Lair:3)
  4 howler monkeys (D:8)
  4 small abominations (Gauntlet)
  4 centaur zombies
  A bullfrog zombie (D:6)
  29 orc priests
  2 bullfrog skeletons
  A human zombie (Ossuary)
  2 jellies
  2 iguanas
  Terence (D:3)
  Natasha (thrice) (D:3)
  23 orc wizards
  4 ogre zombies (Ossuary)
  7 mummies (Ossuary)
  A howler monkey zombie (D:7)
  5 gnolls (D:7)
  8 adders
  2 river rats (D:4)
  A shadow imp (D:7)
  A white imp (D:7)
  5 ufetubi
  An adder zombie (Ossuary)
  9 worms
  2 dart slugs
  52 orcs
  10 ball pythons
  7 bats
  5 endoplasms
  4 giant cockroaches
  2 goblins
  5 hobgoblins
  4 jackals (D:5)
  6 frilled lizards
  A gnoll zombie (Ossuary)
  3 goblin zombies (Ossuary)
  4 hobgoblin zombies (Ossuary)
  18 kobolds
  2 kobold zombies (Ossuary)
  7 quokka zombies (Ossuary)
  9 rats
  6 rat zombies (Ossuary)
700 creatures vanquished.

Vanquished Creatures (collateral kills)
  A very ugly thing (IceCv)
  A golden dragon simulacrum (IceCv)
  A hydra simulacrum (IceCv)
  An alligator simulacrum (IceCv)
4 creatures vanquished.

Vanquished Creatures (others)
  Psyche (D:11)
  37 fungi
  62 plants
100 creatures vanquished.

Grand Total: 804 creatures vanquished

Notes
Turn   | Place    | Note
-------+----------+-------------------------------------------
     0 | D:1      | drugrobin the Demigod Warper began the quest for the Orb.
     0 | D:1      | Reached XP level 1. HP: 17/17 MP: 5/5
    78 | D:1      | Reached skill level 2 in Fighting
   586 | D:1      | Reached XP level 2. HP: 15/24 MP: 7/7
   591 | D:1      | Learned a level 2 spell: Blink
  1386 | D:2      | Reached XP level 3. HP: 10/30 MP: 8/8
  1633 | D:2      | Noticed Sigmund
  1970 | D:3      | Noticed Terence
  2880 | D:3      | Noticed Natasha
  2893 | D:3      | Killed Natasha
  2894 | D:3      | Reached skill level 3 in Fighting
  2894 | D:3      | Reached XP level 4. HP: 25/38 MP: 9/9
  3146 | D:3      | Identified the +5 chain mail "Xoosashre" {Regen+ Str-5
                  | Dex+3}
  3270 | D:3      | Killed Terence
  3271 | D:3      | Reached skill level 1 in Armour
  3317 | D:3      | Noticed Natasha
  3337 | D:3      | Killed Natasha
  3363 | D:3      | Noticed Natasha
  3376 | D:3      | Killed Natasha
  3634 | D:4      | Reached XP level 5. HP: 18/46 MP: 10/10
  3818 | D:4      | Reached skill level 4 in Fighting
  3922 | D:4      | Found a glowing drain.
  3929 | Sewer    | Entered a sewer
  4110 | Sewer    | Reached XP level 6. HP: 42/52 MP: 11/11
  4597 | D:4      | Reached XP level 7. HP: 33/60 MP: 12/12
  4787 | D:5      | Entered Level 5 of the Dungeon
  4884 | D:5      | Found a sand-covered staircase.
  4889 | Ossuary  | Entered an ossuary
  5013 | Ossuary  | Reached skill level 5 in Fighting
  5013 | Ossuary  | Reached skill level 5 in Polearms
  5975 | D:5      | Got the Catalogue of Mysticism
  6593 | D:6      | Reached XP level 8. HP: 70/70 MP: 13/13
  6677 | D:6      | Reached skill level 6 in Fighting
  6677 | D:6      | Reached skill level 5 in Armour
  6931 | D:6      | Noticed Eustachio
  6960 | D:6      | Killed Eustachio
  6961 | D:6      | Reached XP level 9. HP: 78/78 MP: 14/14
  7108 | D:6      | Reached skill level 7 in Fighting
  7216 | D:7      | Found a staircase to the Ecumenical Temple.
  7552 | D:7      | Found the +8 woodcutter's axe {vorpal}
  7705 | D:7      | Noticed a two-headed ogre
  7732 | D:7      | Killed a two-headed ogre
  7905 | D:8      | Noticed Pikel
  8021 | D:8      | Reached skill level 8 in Fighting
  8209 | D:8      | Killed Pikel
  8210 | D:8      | Reached XP level 10. HP: 60/89 MP: 15/15
  9426 | D:9      | Identified the +7 spear of Ecryn {holy, rElec Dex+3}
  9503 | D:9      | Noticed a two-headed ogre
  9534 | D:9      | Killed a two-headed ogre
  9535 | D:9      | Reached skill level 1 in Evocations
  9605 | D:9      | Reached skill level 9 in Fighting
 10234 | D:10     | Entered Level 10 of the Dungeon
 10902 | D:11     | Noticed Psyche
 10950 | D:11     | Noticed a cyclops
 11058 | D:11     | Found a staircase to the Lair.
 11061 | D:11     | Noticed Erica
 11188 | D:11     | Reached XP level 11. HP: 85/94 MP: 17/17
 11269 | D:11     | Killed Psyche
 11318 | D:11     | Killed Erica
 11415 | D:11     | Noticed Fannar
 11451 | D:11     | Killed Fannar
 11596 | D:11     | Reached skill level 10 in Fighting
 11596 | D:11     | Reached skill level 10 in Polearms
 11608 | D:11     | Noticed Nergalle
 11634 | D:11     | Killed Nergalle
 11844 | D:11     | Noticed a two-headed ogre
 11855 | D:11     | Killed a two-headed ogre
 11907 | Lair:1   | Entered Level 1 of the Lair of Beasts
 12124 | Lair:1   | Reached skill level 5 in Evocations
 13476 | Lair:2   | Found a staircase to the Snake Pit.
 13563 | Lair:2   | Reached skill level 10 in Armour
 13607 | Lair:2   | Noticed a catoblepas
 13655 | Lair:2   | Killed a catoblepas
 14400 | Lair:3   | Reached XP level 12. HP: 99/108 MP: 18/18
 14937 | Lair:3   | Found a staircase to the Shoals.
 15298 | Lair:3   | Reached skill level 11 in Fighting
 15422 | Lair:4   | Noticed a four-headed hydra
 15474 | Lair:4   | Killed a one-headed hydra
 16328 | Lair:4   | Noticed a four-headed hydra
 16340 | Lair:4   | Killed a one-headed hydra
 16783 | Lair:4   | Identified a scroll of acquirement
 16790 | Lair:5   | Found a staircase to the Slime Pits.
 16894 | Lair:5   | Noticed an eight-headed hydra
 17011 | Lair:5   | Killed a one-headed hydra
 17763 | Lair:5   | Noticed a five-headed hydra
 17779 | Lair:5   | Killed a one-headed hydra
 18044 | Lair:5   | Identified the +5 robe "Qublon" {MP+9 Int-5 Dex+3}
 18507 | Lair:5   | Reached skill level 12 in Fighting
 18507 | Lair:5   | Reached XP level 13. HP: 84/118 MP: 19/19
 19141 | Lair:6   | Entered Level 6 of the Lair of Beasts
 19881 | Lair:6   | Reached skill level 13 in Fighting
 20365 | Lair:6   | Noticed a dire elephant
 20428 | Lair:6   | Killed a dire elephant
 21451 | Lair:6   | Reached XP level 14. HP: 130/130 MP: 20/20
 21464 | Lair:6   | Found a gateway to Hell.
 21491 | Lair:6   | Reached skill level 14 in Fighting
 22034 | D:3      | Identified the +7 spear "Lagel" {speed, *Slow Int+5}
 22250 | Snake:1  | Entered Level 1 of the Snake Pit
 22861 | D:12     | Found a staircase to the Orcish Mines.
 22879 | Orc:1    | Entered Level 1 of the Orcish Mines
 22879 | Orc:1    | Found Lierool's Distillery.
 22879 | Orc:1    | Found Horiw's Distillery.
 22909 | Orc:1    | Bought a potion of curing for 42 gold pieces
 22909 | Orc:1    | Bought a potion of curing for 42 gold pieces
 22909 | Orc:1    | Bought a potion of heal wounds for 70 gold pieces
 22914 | Orc:1    | Bought a potion of heal wounds for 80 gold pieces
 23020 | Orc:1    | Noticed Sonja
 23029 | Orc:1    | Killed Sonja
 23348 | Orc:1    | Found Feucai's Jewellery Boutique.
 23362 | Orc:1    | Bought an amulet of guardian spirit for 420 gold pieces
 23591 | Orc:1    | Noticed Erolcha
 24029 | D:12     | Reached skill level 15 in Fighting
 25108 | D:13     | Found a gate to the Vaults.
 25487 | D:14     | Found a portal to a secret trove of treasure.
 25557 | D:14     | Noticed Azrael
 25561 | D:15     | Entered Level 15 of the Dungeon
 25922 | D:15     | Found a staircase to the Depths.
 26754 | Depths:1 | Entered Level 1 of the Depths
 26888 | Orc:1    | Reached skill level 16 in Fighting
 26918 | Orc:2    | Entered Level 2 of the Orcish Mines
 26918 | Orc:2    | Found a gate leading to a gauntlet.
 26972 | Orc:2    | Acquired the +8 glaive "Unaepic" {vorpal, rN+}
 26986 | Gauntlet | Entered a Gauntlet
 26986 | Gauntlet | Found a transporter.
 26986 | Gauntlet | Found a transporter.
 26990 | Gauntlet | Found a transporter.
 26990 | Gauntlet | Found a transporter.
 27000 | Gauntlet | Found a transporter.
 27020 | Gauntlet | Found a transporter.
 27028 | Gauntlet | Found a transporter.
 27028 | Gauntlet | Found a transporter.
 27034 | Gauntlet | Found a transporter.
 27063 | Gauntlet | Found a transporter.
 27085 | Gauntlet | Found a transporter.
 27142 | Gauntlet | Found a transporter.
 27188 | Gauntlet | Found a transporter.
 27209 | Gauntlet | Found a transporter.
 27306 | Gauntlet | Found a transporter.
 27324 | Gauntlet | Found a transporter.
 27704 | Gauntlet | Identified the +0 cloak of Trial and Error {Harm}
 27909 | Orc:2    | Found a staircase to the Elven Halls.
 28257 | Orc:2    | Found Abissas's Antique Armour Boutique.
 28257 | Orc:2    | Found Ymien's Antique Weapon Boutique.
 28257 | Orc:2    | Found Nuphy's General Store.
 28266 | Orc:2    | Found Lahyhie's Weapon Shop.
 28275 | Orc:2    | Bought an ivory spear for 240 gold pieces
 28275 | Orc:2    | Identified the +5 spear of Asiolaf {holy, rN+} (You bought
                  | it in a shop on level 2 of the Orcish Mines)
 28278 | Orc:2    | Bought the +5 hand crossbow of Calculation {vorpal, Will+
                  | rCorr Int+2 Dex-4} for 663 gold pieces
 28500 | Orc:2    | Reached XP level 15. HP: 57/144 MP: 8/21
 28932 | Orc:2    | Reached skill level 1 in Crossbows
 29050 | Elf:1    | Entered Level 1 of the Elven Halls
 29050 | Elf:1    | Found a runed translucent gate.
 29050 | Elf:1    | Found a runed translucent gate.
 29050 | Elf:1    | Found a runed translucent gate.
 29050 | Elf:1    | Found a runed translucent gate.
 29050 | Elf:1    | Found a runed translucent gate.
 29050 | Elf:1    | Found a runed translucent gate.
 29057 | Elf:1    | Found a runed translucent door.
 29774 | Elf:1    | Found Liol's Book Shoppe.
 29940 | Elf:1    | Found a runed translucent door.
 30926 | Snake:1  | You fall into a shaft and drop 1 floor!
 32367 | Snake:2  | Reached skill level 17 in Fighting
 32372 | Snake:2  | HP: 4/147 [naga sharpshooter/bolt (14)]
 32655 | Snake:2  | Reached skill level 5 in Crossbows
 32692 | Snake:2  | Noticed a nagaraja
 32703 | Snake:2  | Killed a nagaraja
 33871 | Snake:3  | Found a frozen archway.
 33878 | IceCv    | Entered an ice cave
 33886 | IceCv    | Found a transporter.
 33890 | IceCv    | Reached skill level 15 in Armour
 33900 | IceCv    | Found a transporter.
 34077 | IceCv    | HP: 6/147 [white very ugly thing (14)]
 34081 | IceCv    | Slain by a white very ugly thing

Illustrated notes

Levels and vault maps discovered:
D:1:      lemuel_arrival_room, layout_basic, hex_medium
D:2:      layout_basic, basic_altar, uniq_sigmund
D:3:      layout_loops_ring, item_on_display_a, uniq_natasha, uniq_terence
D:4:      nicolae_cairo_tiling_large_dashed, layout_rooms,
          lightli_sewer_entry_pipes
D:5:      nicolae_BIG_FREAKIN_CUBE, layout_layer_cave, minitemple,
          kennysheep_mini_moat, nicolae_ossuary_entry_false_entrances,
          nrook_pool_corridor, nicolae_wormholes
D:6:      layout_rooms, uniq_eustachio
D:7:      layout_cave_pools, minmay_temple_entry_overgrown
D:8:      layout_layer_cave, nicolae_fountain_basement, uniq_pikel
D:9:      layout_gridville, fedhas_altar_2, chequers_hall_statues_corner_a
D:10:     layout_cave_pools, hive_lemuel
D:11:     layout_rooms, lair_entry_dummy, uniq_nergalle, uniq_erica,
          uniq_psyche, uniq_fannar
D:12:     layout_basic, minmay_orc_entry_guard_dogs
D:13:     layout_basic, david_vaults_5
D:14:     layout_grid_maze, nicolae_trove_entry_crossroad, minivault_19,
          uniq_azrael
D:15:     hangedman_depths_entry_try_elsewhere_first, layout_gridville,
          grunt_decor_resistance, nicolae_qazlal_scattered_showers
Lair:1:   wad_woods_pond, layout_chaotic_city
Lair:2:   layout_cave_pods, minmay_snake_entry_six_corridors
Lair:3:   layout_cave_pods, minmay_shoals_entry_hut, serial_bayou_crossing
Lair:4:   layout_layer_cave
Lair:5:   layout_gridlike, slime_dummy, serial_rivers,
          chequers_serial_rivers_small_3, chequers_serial_rivers_small_a,
          chequers_serial_rivers_micro_d, chequers_serial_rivers_micro_d,
          beast_lair_carwin_7
Lair:6:   evil_forest, layout_loops_ring, grunt_megastairs_1
Snake:1:  layout_onion, beargit_elvish_explorers, grunt_megastairs_4,
          lemuel_fruit_tree
Snake:2:  layout_layer_cave, grunt_megastairs_3
Snake:3:  layout_misc_corridors, serial_shops, shop,
          portal_ice_cave_entry_pillars_four
Orc:1:    lemuel_ogre_cave, layout_caves, serial_shops, nicolae_shop_stone,
          shop, shop, uniq_sonja
Orc:2:    st_orc_mages, layout_diamond_mine, gauntlet_entry_generic, basic_altar
Elf:1:    nicolae_elf_arrival_dilemma, layout_loops_corners, basic_altar,
          serial_shops, nicolae_shop_stone, hangedman_elf_disciples,
          lemuel_upstairs_altar, uniq_louise
Depths:1: minmay_guarded_unrand_guard, layout_cave_shapes, pf_coc_iceberg,
          roderic_lattice_a, nicolae_evil_shop
IceCv:    ice_cave_statue_garden_transporter

Skill      XL: |  1  2  3  4  5  6  7  8  9 10 11 12 13 14 15 |
---------------+----------------------------------------------+-----
Fighting       | 2 3 4 5 6 8 9 10 12 13 16 17 | 17.1
Polearms       | 2 3 4 5 6 8 9 10 12 14 | 14.7
Armour         | 2 3 4 6 7 8 10 11 13 14 15 | 15.0
Evocations     | 3 5 6 |  6.0
Crossbows      | 5 |  5.3
Throwing       | |  0.8
Dodging        | |  1.7
Spellcasting   | |  1.7
Translocations | |  2.6

Action                   |  1- 3 |  4- 6 |  7- 9 | 10-12 | 13-15 || total
-------------------------+-------+-------+-------+-------+-------++-------
Melee: Spear             |   175 |   482 |   659 |  1200 |  1691 ||  4207
       Punch             |     3 |       |       |       |       ||     3
       Scimitar          |       |       |       |    37 |    51 ||    88
       Glaive            |       |       |       |       |   512 ||   512
 Fire: Hand crossbow     |       |     5 |    36 |    16 |   123 ||   180
Throw: Boomerang         |       |     1 |     1 |    10 |     1 ||    13
       Dart              |       |     2 |     6 |     9 |     5 ||    22
 Cast: Blink             |       |       |       |     1 |     6 ||     7
 Abil: Evoke Invisibilit |       |       |       |     3 |       ||     3
Evoke: Wand              |       |       |     2 |     1 |    16 ||    19
  Use: Scroll            |     4 |     4 |     3 |    14 |    15 ||    40
       Potion            |       |       |     1 |     4 |     9 ||    14
 Stab: Sleeping          |     2 |       |       |       |       ||     2
       Invisible         |       |       |       |    13 |       ||    13
       Distracted        |       |       |       |       |     3 ||     3
Armor: Leather armour    |    28 |       |       |       |       ||    28
       Scale mail        |    44 |     4 |       |       |       ||    48
       Chain mail        |       |   273 |   307 |   579 |  1243 ||  2402
Dodge: Dodged            |    77 |   108 |   148 |   330 |   695 ||  1358
Block: Buckler           |       |    67 |    66 |   126 |   178 ||   437

Table legend: (Time is in decaauts)
 A = Elapsed time spent in this place.
 B = Non-inter-level travel time spent in this place.
 C = Inter-level travel time spent in this place.
 D = Time resting spent in this place.
 E = Time spent auto-exploring this place.
 F = Levels seen in this place.
 G = Mean time per level.
                   A        B        C        D        E       F      G
               +--------+--------+--------+--------+--------+-----+--------+
         Total |  32930 |  31169 |   1761 |   4955 |  16556 |  32 | 1029.1 |
       Dungeon |  14232 |  13088 |   1144 |   1536 |   7517 |  15 |  948.8 |
          Lair |   9689 |   9184 |    505 |   1738 |   5061 |   6 | 1614.8 |
     Snake Pit |   3499 |   3441 |     58 |    944 |   1701 |   3 | 1166.3 |
  Orcish Mines |   2063 |   2010 |     53 |    320 |    822 |   2 | 1031.5 |
   Elven Halls |   1348 |   1348 |      0 |    216 |    853 |   1 | 1348.0 |
        Depths |      5 |      5 |      0 |      0 |      0 |   1 |    5.0 |
         Sewer |    438 |    438 |      0 |      0 |    144 |   1 |  438.0 |
       Ossuary |    612 |    612 |      0 |     19 |    227 |   1 |  612.0 |
      Ice Cave |    204 |    204 |      0 |     96 |      0 |   1 |  204.0 |
      Gauntlet |    836 |    836 |      0 |     85 |    230 |   1 |  836.0 |
               +--------+--------+--------+--------+--------+-----+--------+

Top non-repeatable levels by time:
  Lair:6: 2211 daAuts
  Lair:5: 2016 daAuts
 Snake:2: 1777 daAuts
 Snake:1: 1705 daAuts
  Lair:4: 1654 daAuts
  Lair:2: 1580 daAuts
     D:8: 1414 daAuts
   Orc:2: 1373 daAuts
  Lair:3: 1359 daAuts
     D:1: 1356 daAuts
   Elf:1: 1348 daAuts
     D:3: 1301 daAuts
     D:5: 1174 daAuts
     D:9: 983 daAuts
     D:2: 967 daAuts
